 Dungeon Crawl Stone Soup version 0.31.0-32-g396128a36d (webtiles) character file.

Game seed: 7187358645616840669

151 gohu the Magician (level 5, 0/35 HPs)
             Began as a Djinni Fire Elementalist on Mar 31, 2024.
             Slain by an orc
             ... wielding a +0 short sword
              (3 damage)
             ... on level 3 of the Dungeon.
             The game lasted 00:03:50 (1398 turns).

gohu the Magician (Djinni Fire Elementalist)        Turns: 1398, Time: 00:03:51

Health: 0/35       AC:  3    Str:  7    XL:     5   Next: 60%
Gold:   41         EV: 12    Int: 18    God:
                   SH:  0    Dex: 14

rFire   + + .        (no weapon)
rCold   x . .        (no shield)
rNeg    . . .        a - +0 robe
rPois   ∞            l - +0 helmet
rElec   .            (no cloak)
rCorr   +            (no gloves)
SInv    .            (boots unavailable)
Will    .....        (no amulet)
Stlth   ++           c - ring of resist corrosion
HPRegen 0.25/turn    (no ring)
MPRegen 0.00/turn

%: infuse magic (-1 HP)
@: flying
A: sickness immunity, fire resistance 2, cold vulnerability 1, float, innate
caster, HP casting, extra vitality 1
a: no special abilities


You were on level 3 of the Dungeon.
You visited 1 branch of the dungeon, and saw 3 of its levels.

You collected 41 gold pieces.

Inventory:

Missiles
 m - a throwing net
Armour
 a - a +0 robe (worn)
 g - a +0 buckler
 l - a +0 helmet (worn)
Jewellery
 c - a ring of resist corrosion (left hand)
Wands
 p - a wand of roots (11)
Scrolls
 b - a scroll of identify {unknown}
 d - 3 scrolls of teleportation {unknown}
 f - 4 scrolls of torment {unknown}
 j - a scroll of brand weapon {unknown}
 n - a scroll of fear {unknown}
Potions
 e - 2 potions of magic
 h - a potion of berserk rage {unknown}
 i - a potion of curing {unknown}
 k - a potion of degeneration {unknown}
 o - 3 potions of mutation {unknown}


   Skills:
 - Level 2.1 Dodging
 - Level 1.5 Stealth
 * Level 5.0 Spellcasting
 * Level 5.0 Conjurations
 * Level 5.0 Hexes
   Level 0.0 Charms
 * Level 5.0 Summonings
 * Level 5.0 Necromancy
 * Level 5.0 Translocations
   Level 0.0 Transmutations
 * Level 5.0 Fire Magic
 * Level 5.0 Ice Magic
 * Level 5.0 Air Magic
 * Level 5.0 Earth Magic
 * Level 5.0 Alchemy


You knew the following spells:

 Your Spells              Type           Power      Damage    Failure   Level
a - Foxfire               Conj/Fire      88%        2x1d8     1%          1
b - Scorch                Fire           44%        2d6       2%          2
c - Flame Wave            Conj/Fire      22%        2d8       17%         4
d - Inner Flame           Hex/Fire       22%        N/A       4%          3
e - Volatile Blastmotes   Fire/Tloc      44%        2d13      4%          3
f - Apportation           Tloc           44%        N/A       1%          1
g - Momentum Strike       Conj/Tloc      44%        3d9       2%          2
Your spell library was empty.

Dungeon Overview and Level Annotations

Branches:
Dungeon (3/15)

Altars:


Innate Abilities, Weirdness & Mutations

You are immune to sickness and miasma.
You are immune to poison.
Your flesh is very heat resistant. (rF++)
You are vulnerable to cold. (rC-)
You float through the air rather than walking.
You learn spells naturally, not from books.
Your magical power is your life essence.
You have superior vitality. (+4 MHP)


Message History

Casting: Foxfire (safe; 1% risk of failure)
Confirm with . or Enter, or press ? or * to list all spells.
Flames lash the orc.
The orc is heavily wounded.
The orc's fire resistance burns away.
The orc misses you.
A bat comes into view.
Casting: Scorch (safe; 2% risk of failure)
Confirm with . or Enter, or press ? or * to list all spells.
Flames lash the orc.
The orc is moderately wounded.
The orc's fire resistance burns away.
The orc closely misses you.
The orc is no longer more vulnerable to fire.
The orc closely misses you.
Casting: Scorch (safe; 2% risk of failure)
Confirm with . or Enter, or press ? or * to list all spells.
Flames lash the bat.
The bat is severely wounded.
The bat's fire resistance burns away.
The orc is no longer more vulnerable to fire.
The orc hits you with a +0 hand axe. The orc hits you with a +0 short sword.
Casting: Scorch (safe; 2% risk of failure)
Confirm with . or Enter, or press ? or * to list all spells.
Flames lash the bat.
The bat is burned terribly!
You kill the bat!
The orc hits you with a +0 short sword. The orc hits you with a +0 hand axe.
* * * LOW HITPOINT WARNING * * *
The orc hits you with a +0 short sword.
* * * LOW HITPOINT WARNING * * *
The orc hits you with a +0 hand axe.
* * * LOW HITPOINT WARNING * * *
Casting: Scorch (safe; 2% risk of failure)
Confirm with . or Enter, or press ? or * to list all spells.
You don't have enough health to cast this spell.
Casting: Scorch (safe; 2% risk of failure)
Confirm with . or Enter, or press ? or * to list all spells.
You don't have enough health to cast this spell.
It was a potion of magic.
Magic washes over you without effect. The orc hits you with a +0 short sword.
You die...

#....# ..#.#
...# #..# #..#
#..######.# #.#
#..<.....#
!....##o######.#
..).))o@#
#.#######


You could see 2 orcs.

Vanquished Creatures
  An orc wizard (D:3)
  Robin (D:2)
  3 gnolls (D:2)
  3 adders
  A dart slug (D:2)
  2 orcs (D:3)
  2 bats
  7 endoplasms
  13 goblins
  7 hobgoblins
  A kobold (D:1)
  3 ball pythons (D:1)
  4 frilled lizards
  6 rats
54 creatures vanquished.

Vanquished Creatures (collateral kills)
  A foxfire (D:2)
1 creature vanquished.

Vanquished Creatures (others)
  129 foxfires
129 creatures vanquished.

Grand Total: 184 creatures vanquished

Notes
Turn   | Place    | Note
-------+----------+-------------------------------------------
     0 | D:1      | gohu the Djinni Fire Elementalist began the quest for the
                  | Orb.
     0 | D:1      | gohu set off with the following spells memorised: Foxfire,
                  | Scorch, Volatile Blastmotes, Inner Flame, Flame Wave.
     0 | D:1      | Reached XP level 1. HP: 15/15 MP: 0/0
   128 | D:1      | Reached XP level 2. HP: 19/21 MP: 0/0
   453 | D:1      | Reached XP level 3. HP: 22/25 MP: 0/0
   453 | D:1      | Learned a level 1 spell: Apportation
   651 | D:2      | Noticed Robin
   673 | D:2      | Killed Robin
   729 | D:1      | Reached XP level 4. HP: 19/31 MP: 0/0
   937 | D:2      | Reached XP level 5. HP: 30/35 MP: 0/0
   937 | D:2      | Learned a level 2 spell: Momentum Strike
  1390 | D:3      | Reached skill level 5 in Spellcasting
  1390 | D:3      | Reached skill level 5 in Conjurations
  1390 | D:3      | Reached skill level 5 in Hexes
  1390 | D:3      | Reached skill level 5 in Summonings
  1390 | D:3      | Reached skill level 5 in Necromancy
  1390 | D:3      | Reached skill level 5 in Translocations
  1390 | D:3      | Reached skill level 5 in Fire Magic
  1390 | D:3      | Reached skill level 5 in Ice Magic
  1390 | D:3      | Reached skill level 5 in Air Magic
  1390 | D:3      | Reached skill level 5 in Earth Magic
  1390 | D:3      | Reached skill level 5 in Alchemy
  1398 | D:3      | Slain by an orc

Illustrated notes

Levels and vault maps discovered:
D:1:      ncdulo_lavacross, layout_rooms
D:2:      layout_rooms, uniq_robin
D:3:      layout_loops_corners, minmay_crystal_water, minmay_goblin_outpost,
          uniq_grinder, uniq_jessica

Skill      XL: |  1  2  3  4  5 |
---------------+----------------+-----
Spellcasting   | 4 5 |  5.0
Conjurations   | 4 5 |  5.0
Hexes          | 4 5 |  5.0
Summonings     | 4 5 |  5.0
Necromancy     | 4 5 |  5.0
Translocations | 4 5 |  5.0
Fire Magic     | 4 5 |  5.0
Ice Magic      | 4 5 |  5.0
Air Magic      | 4 5 |  5.0
Earth Magic    | 4 5 |  5.0
Alchemy        | 4 5 |  5.0
Dodging        | |  2.1
Stealth        | |  1.5

Action                     |  1- 3 |  4- 6 || total
---------------------------+-------+-------++-------
   Cast: Foxfire           |    45 |    36 ||    81
         Scorch            |    10 |     8 ||    18
         Volatile Blastmot |       |     3 ||     3
    Use: Potion            |       |     1 ||     1
 Armour: Robe              |     6 |    11 ||    17
  Dodge: Dodged            |    14 |     7 ||    21
